 Dungeon Crawl Stone Soup version 0.32-a0-921-g04a7ad8e02 (webtiles) character file.

Game seed: 13158933634365484942

2281493 Mgcat the Heavyweight Champion (level 26, 330/330 HPs)
             Began as a Troll Fighter on Apr 9, 2024.
             Was a High Priest of Okawaru.
             Escaped with the Orb
             ... and 4 runes on Apr 11, 2024!
             The game lasted 03:05:36 (72121 turns).

Mgcat the Heavyweight Champion (Troll Fighter)     Turns: 72121, Time: 03:05:37

Health: 330/330    AC: 37    Str: 37    XL:     26   Next: 84%
Magic:  31/31      EV:  9    Int:  7    God:    Okawaru [*****.]
Gold:   6255       SH: 26    Dex: 21    Spells: 25/25 levels left

rFire   + .          .
                       - Unarmed
rCold   + . .        T - +4 tower shield {reflect}
rNeg    + . .        v - +7 gold dragon scales
rPois   +            J - +3 hat "Kecrossa" {Will+ rCorr Dex+4}
rElec   .            e - +2 cloak {Will+}
rCorr   +            (gloves unavailable)
SInv    .            (boots unavailable)
Will    +++..        i - amulet of guardian spirit {Spirit} Stlth
                     X - ring of Cumpumat {AC+4 Str+7}
HPRegen 1.55/turn    w - ring of positive energy {rN+}
MPRegen 0.22/turn

%: random rage (3%), reflection, guardian spirit
@: studying 4 skills
A: large, unfitting armour, claws 3, regeneration 1, shaggy fur 1, tough skin 1,
agile 1, berserk 1, robust 1, inability to read after injury 1
0: Orb of Zot
}: 4/15 runes: decaying, serpentine, slimy, silver
a: Renounce Religion, Heroism, Finesse, Duel


You escaped.
You worshipped Okawaru.
Okawaru was extremely pleased with you.
You visited 12 branches of the dungeon, and saw 56 of its levels.
You also visited: Volcano.

You collected 9537 gold pieces.
You spent 3282 gold pieces at shops.

Inventory:

Missiles
 r - 5 throwing nets {=f, !d}
 y - 8 curare-tipped darts
 I - 152 large rocks (quivered) {!d}
Armour
 e - a +2 cloak of willpower (worn)
   (You found it on level 9 of the Dungeon)
 v - +7 gold dragon scales (worn)
   (You took it off Parghit on level 4 of the Depths)
 A - a +1 cloak of preservation
   (You took it off a draconian knight on level 3 of the Realm of Zot)
 F - a scarf of resistance
   (You found it on level 5 of the Vaults)
 J - the +3 hat "Kecrossa" (worn) {Will+ rCorr Dex+4}
   (You acquired it on level 2 of the Depths)

   Dex+4:     It affects your dexterity (+4).
   Will+:     It increases your willpower.
   rCorr:     It protects you from acid and corrosion.
 T - a +4 tower shield of reflection (worn)
   (You took it off Mennas on level 4 of the Vaults)
Jewellery
 i - an amulet of guardian spirit (around neck) {Spirit}
   (You found it on level 9 of the Dungeon)
 k - the ring of Exzat {rC+ Will+ Dex+2 Stlth+}
   (You found it on level 3 of the Crypt)

   [ring of protection from cold]

   Dex+2:     It affects your dexterity (+2).
   rC+:       It protects you from cold.
   Will+:     It increases your willpower.
   Stlth+:    It makes you more stealthy.
 w - a ring of positive energy (right claw) {rN+}
   (You found it on level 4 of the Dungeon)
 W - a ring of see invisible {sInv, !d}
   (You found it on level 15 of the Dungeon)
 X - the ring of Cumpumat (left claw) {AC+4 Str+7}
   (You found it on level 3 of the Elven Halls)

   [ring of protection]

   AC+4:      It affects your AC (+4).
   Str+7:     It affects your strength (+7).
Talismans
 H - a talisman of death
   (You took it off Josephina on level 4 of the Depths)
Wands
 d - a wand of mindburst (32)
   (You found it on level 7 of the Dungeon)
 h - a wand of paralysis (40)
   (You took it off a centaur on level 9 of the Dungeon)
 G - a wand of roots (54)
   (You took it off Maurice on level 7 of the Dungeon)
 V - a wand of acid (57)
   (You found it on level 15 of the Dungeon)
 Y - a wand of polymorph (30)
   (You found it on level 4 of the Swamp)
Scrolls
 a - 50 scrolls of identify
 b - 4 scrolls of amnesia
 j - a scroll of enchant armour
 m - 17 scrolls of teleportation
 q - 5 scrolls of poison {!r}
 t - 7 scrolls of fear
 u - 9 scrolls of blinking {!r}
 x - a scroll of enchant weapon
 B - 3 scrolls of silence
 O - 6 scrolls of fog
 U - 2 scrolls of revelation
Potions
 c - 5 potions of cancellation
 f - 3 potions of resistance
 g - 6 potions of ambrosia
 l - a potion of might
 n - 5 potions of heal wounds
 o - 24 potions of curing
 p - 4 potions of magic
 s - 7 potions of enlightenment
 z - 8 potions of attraction {!q}
 E - 3 potions of berserk rage {!q}
 K - 4 potions of invisibility
 N - 5 potions of mutation {!q}
 P - 8 potions of brilliance
 Q - 2 potions of haste
Miscellaneous
 R - a lightning rod (4/4)
   (You found it on level 4 of the Vaults)
 Z - a phial of floods
   (You found it on level 5 of the Vaults)


   Skills:
 + Level 24.0 Fighting
 - Level 7.4 Throwing
 - Level 11.3 Armour
 - Level 9.9 Dodging
 - Level 17.5 Shields
 O Level 27 Unarmed Combat
 - Level 12.0 Invocations
 - Level 5.0 Evocations
 + Level 15.0 Shapeshifting


You had 25 spell levels left.
You didn't know any spells.
Your spell library contained the following spells:

 Spells                   Type           Power      Damage    Failure   Level
 Apportation              Tloc           0%         N/A       100%        1
 Foxfire                  Conj/Fire      0%         2x1d4     100%        1
 Kiss of Death            Conj/Necr      0%         2d5       100%        1
 Magic Dart               Conj           0%         1d3       100%        1
 Necrotise                Necr           0%         1d4       100%        1
 Sandblast                Erth           0%         2d4       100%        1
 Shock                    Conj/Air       0%         1d3       100%        1
 Sting                    Conj/Alch      0%         1d3       100%        1
 Blink                    Tloc           0%         N/A       100%        2
 Cigotuvi's Dreadful Rot  Necr/Alch/Air  0%         N/A       100%        2
 Mercury Vapours          Alch/Air       0%         N/A       100%        2
 Scorch                   Fire           0%         2d5       100%        2
 Searing Ray              Conj           0%         2d4       100%        2
 Sublimation of Blood     Necr           0%         N/A       100%        2
 Confusing Touch          Hex            0%         N/A       100%        3
 Dazzling Flash           Conj/Hex       0%         N/A       100%        3
 Frozen Ramparts          Ice            0%         1d1       100%        3
 Fugue of the Fallen      Necr           0%         N/A       100%        3
 Hailstorm                Conj/Ice       0%         3d5       100%        3
 Inner Flame              Hex/Fire       0%         N/A       100%        3
 Mephitic Cloud           Conj/Alch/Air  0%         N/A       100%        3
 Ozocubu's Armour         Ice            0%         N/A       100%        3
 Sigil of Binding         Hex            0%         N/A       100%        3
 Stone Arrow              Conj/Erth      0%         3d7       100%        3
 Swiftness                Air            0%         N/A       100%        3
 Teleport Other           Tloc           0%         N/A       100%        3
 Vampiric Draining        Necr           0%         2d6       100%        3
 Volatile Blastmotes      Fire/Tloc      0%         2d10      100%        3
 Airstrike                Air            0%         2d(0-16)  100%        4
 Brom's Barrelling Bould  Conj/Erth      0%         2d3       100%        4
 Dimensional Bullseye     Hex/Tloc       0%         N/A       100%        4
 Dispel Undead            Necr           0%         3d6       100%        4
 Flame Wave               Conj/Fire      0%         2d4       100%        4
 Fulminant Prism          Conj/Alch      0%         3d5       100%        4
 Ignite Poison            Fire/Alch      0%         N/A       100%        4
 Iskenderun's Mystic Bla Conj/Tloc 0%             2d3        (+2d1     100%        4
 Leda's Liquefaction      Alch/Erth      0%         N/A       100%        4
 Passage of Golubria      Tloc           0%         N/A       100%        4
 Petrify                  Alch/Erth      0%         N/A       100%        4
 Sticky Flame             Fire/Alch      0%         2d4       100%        4
 Alistair's Intoxication  Alch           0%         N/A       100%        5
 Arcjolt                  Conj/Air       0%         1d10      100%        5
 Borgnjor's Vile Clutch   Necr/Erth      0%         N/A       100%        5
 Curse of Agony           Necr           0%         N/A       100%        5
 Fireball                 Conj/Fire      0%         3d3       100%        5
 Freezing Cloud           Conj/Ice/Air   0%         6-21      100%        5
 Irradiate                Conj/Alch      0%         3d11      100%        5
 Iskenderun's Battlesphe  Conj           0%         2d6       100%        5
 Lee's Rapid Deconstruct  Erth           0%         3d4*      100%        5
 Metabolic Englaciation   Hex/Ice        0%         N/A       100%        5
 Silence                  Hex/Air        0%         N/A       100%        5
 Yara's Violent Unravell  Hex/Alch       0%         3d3       100%        5
 Conjure Ball Lightning   Conj/Air       0%         3x3d6     100%        6
 Dispersal                Tloc           0%         N/A       100%        6
 Eringya's Noxious Bog    Alch           0%         4d6       100%        6
 Gell's Gavotte           Tloc           0%         2d(11-16) 100%        6
 Permafrost Eruption      Ice/Erth       0%         2x4d1     100%        6
 Plasma Beam              Fire/Air       0%         2x1d10    100%        6
 Starburst                Conj/Fire      0%         6d3       100%        6
 Orb of Destruction       Conj           0%         9d5       100%        7
 Ozocubu's Refrigeration  Ice            0%         4d7       100%        7
 Borgnjor's Revivificati  Necr           0%         N/A       100%        8
 Discord                  Hex            0%         N/A       100%        8
 Ignition                 Fire           0%         3d3       100%        8
 Maxwell's Capacitive Co  Air            0%         ∞         100%        8
 Chain Lightning          Conj/Air       0%         N/A       100%        9
 Death's Door             Necr           0%         N/A       100%        9
 Fire Storm               Conj/Fire      0%         5d1       100%        9
 Polar Vortex             Ice            0%         N/A       100%        9
 Shatter                  Erth           0%         3d5*      100%        9
 Summon Small Mammal      Summ           Unusable   N/A       N/A         1
 Call Imp                 Summ           Unusable   N/A       N/A         2
 Call Canine Familiar     Summ           Unusable   N/A       N/A         3
 Summon Ice Beast         Ice/Summ       Unusable   N/A       N/A         3
 Tukima's Dance           Hex            Unusable   N/A       N/A         3
 Martyr's Knell           Necr/Summ      Unusable   N/A       N/A         4
 Summon Blazeheart Golem  Fire/Summ      Unusable   N/A       N/A         4
 Death Channel            Necr           Unusable   N/A       N/A         6
 Sculpt Simulacrum        Ice/Alch       Unusable   N/A       N/A         6
 Summon Cactus Giant      Summ           Unusable   N/A       N/A         6
 Haunt                    Necr/Summ      Unusable   N/A       N/A         7
 Spellforged Servitor     Conj/Summ      Unusable   N/A       N/A         7

Dungeon Overview and Level Annotations

Branches:
Dungeon (15/15)            Temple (1/1) D:6            Lair (5/5) D:9
  Swamp (4/4) Lair:2        Snake (4/4) Lair:3        Slime (5/5) Lair:4
    Orc (2/2) D:11            Elf (3/3) Orc:2        Vaults (5/5) D:13
  Crypt (3/3) Vaults:2       Tomb (0/3) Crypt:3      Depths (4/4) D:15
    Zot (5/5) Depths:4    Volcano (visited)

Altars:
Ashenzari
Cheibriados
Dithmenos
Elyvilon
Fedhas
Gozag
Hepliaklqana
Kikubaaqudgha
Makhleb
Nemelex Xobeh
Okawaru
Qazlal
Ru
Trog
Uskayaw
Vehumet
Wu Jian
Xom
Yredelemnul
Zin
The Shining One

Shops:
D:1 :   D:2 *   D:5 ?   D:14 (   Orc:1 (   Orc:2 :*[?(   Elf:1 =:=   Elf:3 ?(!
Vaults:2 ((   Vaults:3 *   Depths:1 :

Portals:
Hell: Depths:1 Depths:2 Depths:3 Depths:4
Abyss: Depths:1 Depths:3 Depths:4
Pandemonium: Depths:1 Depths:2
Ziggurat: Depths:3
Trove: D:14 (give +6 demon trident)

Annotations:
D:4 1 exclusion
D:6 3 runed translucent doors
D:7 3 runed translucent doors, BobbitoMcGitto's ghost, novice TrFi
Orc:2 2 transporters, Nico3ck's ghost, journeyman DsSu
Elf:2 3 runed translucent doors
Depths:1 Boris


Innate Abilities, Weirdness & Mutations

You are too large for most types of armour.
You have claws for hands.
Your natural rate of healing is unusually fast.
You are covered in fur. (AC +1)
You have tough skin. (AC +1)
You are agile. (Dex +4, Str/Int -1)
You sometimes lose your temper in combat.
You are robust. (+10% HP)
You occasionally lose the ability to read scrolls when taking damage.


Message History

The sun demon is moderately wounded.
You scratch the sun demon.
The sun demon is moderately wounded.
The sun demon hits you but does no damage.
The sun demon hits you!
You are engulfed in flames!
You resist. You block the sun demon's attack.
You take 17 damage, and have 287/330 hp.
You now have 27/31 mp.
You eviscerate the sun demon!!!
You kill the sun demon!
Okawaru accepts your kill. You block the sun demon's attack. x2
You eviscerate the sun demon!!!
You kill the sun demon!
Okawaru accepts your kill.
Your Shapeshifting skill increases to level 15!
You completely miss the sun demon. You block the sun demon's attack.
You mangle the sun demon!!
The sun demon is heavily wounded.
The sun demon hits you!
You are engulfed in flames!
You resist.
You take 15 damage, and have 275/330 hp.
You now have 26/31 mp.
You eviscerate the sun demon!!!
You kill the sun demon!
Okawaru accepts your kill.
Your Fighting skill increases to level 24!
No target in view!
No target in view!
What level of the Dungeon? (default 1, ? - help) HP restored.
There is a stone staircase leading up here.
You climb upwards.
You feel a genetic drift.
You feel a little pissed off.
You no longer feel a malignance within.
There is a stone staircase leading down here.
A smoke demon comes into view.
You regained 24 hp, and now have 300/330 hp.
You regained 3 mp, and now have 29/31 mp.
Spoiler Alert: The smoke demon can smite you, and cast ranged sticky flame!
The smoke demon moves out of view.
You regained 2 hp, and now have 302/330 hp.
There is a stone staircase leading up here.
You climb upwards.
Level annotation: 3 runed translucent doors, BobbitoMcGitto's ghost, novice TrFi The yak bellows!
The howler monkey howls!
There is a stone staircase leading down here.
You regained 4 hp, and now have 307/330 hp.
What level of the Dungeon? (default 1, ? - help) Magic restored.
BobbitoMcGitto's ghost turns its malevolent gaze towards you.
HP restored.
An Orb Guardian comes into view.
Health restored: 330; MP restored: 31 The Orb Guardian attacks as it pursues you!
You block the Orb Guardian's attack.
There is a stone staircase leading up here.
You barely miss the Orb Guardian. You block the Orb Guardian's attack.
You eviscerate the Orb Guardian!!!!
You kill the Orb Guardian!
Okawaru accepts your kill.
What level of the Dungeon? (default 1, ? - help)
You climb upwards.
Level annotation: 3 runed translucent doors
There is a stone staircase leading down here.
There is a stone staircase leading up here.
You climb upwards.
There is a stone staircase leading down here.
There is a stone staircase leading up here.
You climb upwards.
Level annotation: 1 exclusion
There is a stone staircase leading down here.
An efreet comes into view.
It is wielding a +3 scimitar of flaming.
You see here 2 stones.
The efreet gestures at you.
The fireball explodes!
The fireball engulfs you but does no damage.
There is a stone staircase leading up, spattered with blood here.
You scratch the efreet.
The efreet is lightly wounded.
You claw the efreet!
The efreet is moderately wounded.
You block the efreet's attack.
You barely miss the efreet.
The efreet is moderately wounded.
You claw the efreet!
The efreet is severely wounded.
You block the efreet's attack.
You mangle the efreet!!
You kill the efreet!
Okawaru accepts your kill.
What level of the Dungeon? (default 1, ? - help)
You climb upwards.
There is a stone staircase leading down, spattered with blood here.
There is a stone staircase leading up here.
You climb upwards.
There is a stone staircase leading down here.
There is a stone staircase leading up here.
You climb upwards.
There is a stone staircase leading down here.
There is a staircase leading out of the dungeon here.
You have escaped!

#.#.#############.###.#
#####................(#...##
#...........####............
#.#####.###.# #.####.......
#.# ###.# #.# #.####..#.#.÷
#.# #...# #.# #.......#.##.
#.# #.### #.## #..#......##.
#.# #.# ##.###.#.##..####.
#.# #.#####@..##.#.###.###.#
#.###.....##.......# #....##
#...........####...# #.####
############# #...###.#####
#............
######...........#
#........#######.#
#........#######.#
#................#


There were no monsters in sight!

Vanquished Creatures
  the Royal Jelly (Slime:5)
  Frederick (Crypt:3)
  A dread lich (Vaults:5)
  6 ancient liches
  Khufu (Crypt:2)
  4 orbs of fire
  Mennas (Vaults:4)
  Xtahua (Vaults:4)
  A royal mummy (Crypt:3)
  Josephina (Depths:4)
  Parghit (Depths:4)
  Boris (thrice) (Vaults:4 Depths:4 Vaults:5)
  Bai Suzhen (Vaults:5)
  12 Killer Klowns
  A shard shrike (Zot:2)
  Vashnia (Snake:3)
  5 curse toes
  The ghost of Kiamal the Earth Mage, a veteran GnHW of Vehumet (Crypt:1)
  The ghost of Wyquac the Earth Mage, an adept OpEE of Vehumet (Crypt:1)
  9 golden dragons
  the Enchantress (Depths:2)
  Jory (Depths:4)
  The ghost of Konar the Acrobat, an adept CoHu of Hepliaklqana (Vaults:4)
  A bone dragon (Crypt:3)
  3 electric golems
  A Tzitzimitl (Depths:2)
  A pandemonium lord (Depths:4)
  17 tentacled monstrosities
  Jorgrun (Snake:3)
  Asterion (Depths:1)
  27 Orb Guardians
  14 acid blobs
  2 liches (Crypt:3)
  6 quicksilver dragons
  2 deep elf blademasters (Elf:3)
  3 deep elf master archers (Elf:3)
  3 titans (Vaults:5)
  5 sphinxes
  An ancient champion (Crypt:1)
  7 death cobs
  A thorn hunter (Swamp:4)
  2 Executioners (Depths:2)
  7 tengu reavers
  4 storm dragons
  Aizul (Snake:4)
  9 shadow dragons
  10 azure jellies (Slime:5)
  5 rockslimes
  4 protean progenitors
  4 draconian monks
  6 draconian knights
  A revenant (Crypt:1)
  9 frost giants
  4 fire giants
  12 nagarajas (Snake:4)
  11 deep elf sorcerers
  An iron dragon (Depths:3)
  2 ghost moths
  5 draconian stormcallers
  5 deep elf elementalists (Elf:3)
  3 draconian shifters
  7 draconian scorchers
  16 vault wardens
  A curse skull (Crypt:1)
  4 angels (Zot:3)
  3 balrugs
  A hydra zombie (Swamp:4)
  14 very ugly things
  A juggernaut zombie (Crypt:2)
  7 spriggan defenders
  5 draconian annihilators
  10 ghouls
  7 ironbound preservers
  2 orc warlords
  2 broodmothers (Zot:2)
  7 quicksilver oozes
  9 formless jellyfish
  3 reapers (Depths:2)
  A caustic shrike skeleton (Depths:2)
  16 stone giants
  A juggernaut skeleton (Depths:2)
  9 green draconians
  5 black draconians
  10 deep elf demonologists
  13 vampire knights
  7 ironbound thunderhulks
  6 eleionomae
  12 red draconians
  7 deep elf annihilators
  7 dire elephants
  A spectral titan (Depths:2)
  7 deep elf death magi
  4 purple draconians
  6 yellow draconians
  6 spark wasps
  16 white draconians
  7 bunyips
  11 war gargoyles
  2 eidola
  9 jiangshi
  8 fire dragons
  13 ettins
  An elf zombie (Crypt:1)
  2 blizzard demons (Depths:2)
  2 spectral golden dragons (Depths:2)
  5 crystal guardians
  13 yaktaur captains
  A quicksilver dragon skeleton (Depths:2)
  2 shambling mangroves (Swamp:4)
  35 vault guards
  4 spriggan zombies (Depths:3)
  Erolcha (D:12)
  5 great orbs of eyes
  3 rakshasas
  6 deep elf high priests
  16 hydras
  8 ice dragons
  5 peacekeepers
  2 ogre magi
  3 juggernaut simulacra
  A caustic shrike simulacrum (Depths:3)
  5 salamander tyrants (Snake:4)
  3 death knights
  A ghost crab (Swamp:3)
  4 boulder beetles
  9 ironbound frosthearts
  8 alligators
  17 centaur warriors
  3 catoblepae
  6 spriggan air magi
  2 spectral stone giants (Depths:2)
  A sphinx skeleton (Depths:1)
  10 anacondas
  24 dancing weapons
  2 deep troll shamans (Depths:4)
  A sphinx zombie (Depths:2)
  12 tengu warriors
  11 two-headed ogres
  5 death yaks (Lair:5)
  9 deep troll earth magi
  An entropy weaver (shapeshifter) (Vaults:5)
  A spectral fire giant (Depths:2)
  A spectral storm dragon (Depths:2)
  A bennu skeleton (Crypt:1)
  18 naga sharpshooters
  11 naga warriors
  2 orc high priests (Elf:2)
  2 hell hogs (Depths:2)
  2 occultists
  10 vampire magi
  7 sun demons
  6 shock serpents
  4 deep elf knights
  8 spriggan berserkers
  2 titan zombies (Crypt:3)
  A storm dragon zombie (Depths:2)
  2 soul eaters
  7 spriggans
  A shock serpent (shapeshifter) (Depths:4)
  A cyclops (shapeshifter) (Vaults:5)
  14 hell knights
  A skyshark (Lair:2)
  2 shadow wraiths
  A sixfirhy (Depths:2)
  23 skeletal warriors
  2 iron trolls
  3 golden dragon zombies
  A glowing orange brain (shapeshifter) (Depths:3)
  3 salamander mystics (Snake:4)
  A titan skeleton (Depths:2)
  5 deep elf archers
  5 glowing orange brains
  A goliath frog (Swamp:2)
  8 arcanists
  A death drake (shapeshifter) (Depths:4)
  15 flayed ghosts
  28 deep trolls
  A storm dragon skeleton (Crypt:3)
  A death drake (Swamp:4)
  An orb spider (shapeshifter) (Zot:3)
  4 spark wasp zombies (Depths:3)
  4 spriggan druids
  2 sea snakes (Snake:1)
  11 bog bodies
  A mana viper (shapeshifter) (Vaults:5)
  6 naga ritualists
  5 swamp dragons
  7 mana vipers
  2 anaconda skeletons (Volcano)
  2 obsidian statues
  A tengu zombie (Crypt:1)
  13 ironbound convokers
  4 thermic dynamos
  3 harpies (Vaults:3)
  15 necromancers
  A steelbarb worm (shapeshifter) (Vaults:5)
  11 orc knights
  24 deep elf zephyrmancers
  A golden dragon skeleton (Vaults:3)
  2 obsidian bats (Orc:2)
  An orange crystal statue (Elf:3)
  14 phantasmal warriors
  A shadow dragon zombie (Crypt:2)
  Pikel (D:8)
  2 sphinx simulacra
  A wolf spider (D:13)
  12 lindwurms
  An eleionoma zombie (Crypt:2)
  5 manticores
  4 will-o-the-wisps
  An alligator zombie (Crypt:1)
  16 salamanders
  18 cyclopes
  14 deep elf pyromancers
  An iron dragon zombie (Depths:2)
  31 ugly things
  A stone giant zombie (Crypt:1)
  3 oklob plants (Swamp:4)
  A human zombie (Vaults:3)
  5 shining eyes
  A salamander (shapeshifter) (Vaults:5)
  Maurice (D:7)
  3 alligator skeletons (Volcano)
  4 orc sorcerers
  2 tengu skeletons
  32 moths of wrath
  An elephant (shapeshifter) (Vaults:5)
  3 meliai (D:14)
  13 naga magi
  2 kobold blastminers (Orc:2)
  5 eyes of devastation
  A water nymph (shapeshifter) (Vaults:5)
  21 vault sentinels
  11 guardian serpents (Snake:4)
  4 smoke demons (Depths:2)
  3 iron dragon skeletons
  36 black mambas
  2 alligator snapping turtle zombies
  8 gargoyles
  A pale draconian zombie (Crypt:1)
  Maggie (Lair:2)
  17 cane toads
  3 molten gargoyles (Lair:5)
  A titan simulacrum (Depths:4)
  3 efreet
  An unseen horror (D:11)
  A rime drake (Lair:1)
  17 yaktaurs
  A red draconian zombie (Crypt:1)
  3 golden dragon simulacra
  11 komodo dragons
  A sea snake zombie (Crypt:1)
  6 freezing wraiths
  A spark wasp simulacrum (Depths:2)
  3 tormentors (Depths:2)
  A spectral human (Depths:2)
  3 tengu conjurers
  A shadow dragon simulacrum (Depths:2)
  2 harpy zombies (Crypt:3)
  2 merfolk (Zot:3)
  A merfolk (shapeshifter) (Vaults:5)
  An iron troll skeleton (Crypt:1)
  2 tyrant leeches
  A bloated husk (Swamp:3)
  A tengu simulacrum (Depths:2)
  6 trolls
  3 harpy skeletons
  3 polar bears
  An alligator simulacrum (Crypt:1)
  3 glass eyes
  4 hornets
  A tarantella zombie (Crypt:2)
  A dream sheep (shapeshifter) (Vaults:5)
  A radroach zombie (Crypt:2)
  A raiju (shapeshifter) (D:13)
  27 blink frogs
  3 hydra skeletons
  A human simulacrum (Vaults:3)
  2 slime creatures (shapeshifter)
  11 dream sheep
  98 slime creatures
  4 air elementals
  A ynoxinul (Depths:2)
  2 ettin skeletons
  9 wraiths
  A black mamba skeleton (Crypt:3)
  6 wyverns
  A tyrant leech zombie (Crypt:2)
  2 vampires (D:12)
  A wind drake zombie (Crypt:1)
  A fire elemental (Elf:1)
  5 water elementals
  27 yaks
  5 basilisks
  6 golden eyes
  3 wargs
  3 steam dragons
  6 vampire mosquitoes
  Menkaure (D:4)
  2 glowing shapeshifter zombies
  A chaos spawn (Zot:3)
  33 nagas
  10 swamp worms
  5 acid dragons
  A naga zombie (Crypt:3)
  5 hell hounds (Lair:5)
  A human skeleton (Depths:1)
  7 hydra simulacra
  A merfolk skeleton (Crypt:1)
  14 water moccasins
  A naga skeleton (Crypt:3)
  6 swamp drakes
  A black bear (Lair:1)
  12 orc warriors
  An ice beast (D:4)
  18 laughing skulls
  5 ogres
  13 wolves
  4 boggarts (Vaults:2)
  An elephant skeleton (Crypt:2)
  3 centaurs
  Blork the orc (D:4)
  4 lemures (D:7)
  2 phantoms
  A kobold brigand (D:10)
  A weeping skull (Volcano)
  16 bullfrogs
  A warg zombie (Crypt:2)
  2 scorpions
  An earth elemental (Elf:3)
  14 killer bees
  A wolf zombie (Crypt:1)
  4 spriggan skeletons
  2 troll skeletons (Volcano)
  4 electric eels
  3 howler monkeys
  5 lava snakes (Lair:5)
  2 bombardier beetles
  3 hounds
  2 jellies (D:6)
  19 orc priests
  A gnoll bouda (D:4)
  4 iguanas
  12 hell rats
  21 orc wizards
  2 mummies (Crypt:3)
  4 gnolls
  3 swamp drake zombies (Swamp:4)
  7 adders
  A shadow imp (D:8)
  5 white imps
  A ribbon worm (D:3)
  76 orcs
  7 endoplasms
  4 giant cockroaches
  7 goblins
  3 hobgoblins
  3 quokkas
  6 ball pythons
  A bat (D:1)
  4 frilled lizards
  A frilled lizard skeleton (Crypt:1)
  10 kobolds
  14 rats
  An aspiring flesh (Zot:3)
2165 creatures vanquished.

Vanquished Creatures (others)
  A deep elf knight (Elf:1)
  A deep elf pyromancer (Elf:1)
  A deep elf zephyrmancer (Elf:1)
  A black mamba (Snake:1)
  A bloated husk (Swamp:3)
  An air elemental (Elf:1)
  A boggart (Vaults:2)
  16 foxfires
23 creatures vanquished.

Grand Total: 2188 creatures vanquished

Notes
Turn   | Place    | Note
-------+----------+-------------------------------------------
     0 | D:1      | Mgcat the Troll Fighter began the quest for the Orb.
     0 | D:1      | Reached XP level 1. HP: 22/22 MP: 0/0
   252 | D:1      | Reached XP level 2. HP: 29/29 MP: 1/1
   472 | D:1      | Found Sinias's Book Emporium.
   797 | D:2      | Reached XP level 3. HP: 25/36 MP: 2/2
   886 | D:2      | Found Vuuwol's Assorted Antiques.
   939 | D:2      | Reached skill level 3 in Shields
  1242 | D:3      | Reached skill level 3 in Unarmed Combat
  1275 | D:3      | Reached XP level 4. HP: 44/44 MP: 3/3
  1283 | D:3      | Noticed a phantom
  1295 | D:3      | Killed a phantom
  1296 | D:3      | Reached skill level 3 in Fighting
  1296 | D:3      | Reached skill level 3 in Dodging
  1296 | D:3      | Reached XP level 5. HP: 49/53 MP: 4/4
  1757 | D:4      | Reached skill level 4 in Unarmed Combat
  1874 | D:4      | Noticed an ice beast
  1882 | D:4      | Killed an ice beast
  1883 | D:4      | Reached XP level 6. HP: 61/61 MP: 5/5
  1918 | D:4      | Noticed Blork the orc
  1939 | D:4      | Killed Blork the orc
  1940 | D:4      | Reached skill level 5 in Unarmed Combat
  1940 | D:4      | Reached XP level 7. HP: 27/67 MP: 6/6
  1942 | D:4      | Reached skill level 4 in Shields
  2034 | D:4      | Noticed Menkaure
  2046 | D:4      | Killed Menkaure
  2279 | D:4      | Reached skill level 4 in Dodging
  2294 | D:4      | Reached skill level 4 in Fighting
  2497 | D:5      | Entered Level 5 of the Dungeon
  2707 | D:2      | Bought an embroidered robe for 96 gold pieces
  2707 | D:2      | Bought 2 puce potions for 46 gold pieces
  2707 | D:2      | Bought a white potion for 23 gold pieces
  2707 | D:2      | Bought a white potion for 23 gold pieces
  3005 | D:5      | Found Guirghaf's Magic Scroll Shoppe.
  3215 | D:5      | Reached skill level 6 in Unarmed Combat
  3483 | D:6      | Reached XP level 8. HP: 78/78 MP: 7/7
  3863 | D:6      | Found a staircase to the Ecumenical Temple.
  3940 | Temple   | Found a transporter.
  3940 | Temple   | Found a transporter.
  3940 | Temple   | Found a transporter.
  3940 | Temple   | Found a transporter.
  3940 | Temple   | Entered the Ecumenical Temple
  3958 | Temple   | Became a worshipper of Warmaster Okawaru
  4081 | D:6      | Found a runed translucent gate.
  4086 | D:6      | Found a runed translucent gate.
  4087 | D:6      | Found a runed translucent gate.
  4087 | D:6      | Noticed a rust devil
  4087 | D:6      | Noticed a rust devil
  4106 | D:6      | Reached skill level 5 in Shields
  4146 | D:6      | Reached skill level 7 in Unarmed Combat
  4547 | D:7      | Found a runed translucent gate.
  4548 | D:7      | Found a runed translucent gate.
  4548 | D:7      | Noticed BobbitoMcGitto's ghost (novice TrFi)
  4550 | D:7      | Found a runed translucent gate.
  4570 | D:7      | Noticed Maurice
  4586 | D:7      | Something stole a serpent talisman
  4589 | D:7      | Something stole a staff of fire {rF+}
  4590 | D:7      | Something stole 2 throwing nets {=f, !d}
  4592 | D:7      | Something stole 137 gold
  4602 | D:7      | Killed Maurice
  4603 | D:7      | Reached skill level 5 in Fighting
  4603 | D:7      | Reached skill level 5 in Dodging
  4603 | D:7      | Reached XP level 9. HP: 65/88 MP: 0/8
  4613 | D:7      | Reached * piety under Okawaru
  4717 | D:7      | Found an ancient bone altar of Kikubaaqudgha.
  4910 | D:7      | Reached skill level 8 in Unarmed Combat
  5314 | D:7      | Reached skill level 6 in Shields
  5455 | D:8      | Noticed a cyclops
  5526 | D:8      | Noticed Pikel
  5581 | D:8      | Killed Pikel
  5581 | D:8      | Reached ** piety under Okawaru
  5582 | D:8      | Reached skill level 9 in Unarmed Combat
  5746 | D:8      | Reached skill level 6 in Dodging
  5746 | D:8      | Reached XP level 10. HP: 94/98 MP: 9/9
  5777 | D:8      | Reached skill level 6 in Fighting
  5859 | D:8      | Noticed a deep elf pyromancer
  5874 | D:8      | Killed a deep elf pyromancer
  5874 | D:8      | Reached *** piety under Okawaru
  5902 | D:8      | Identified the +2 falchion of Gyubaek {speed, ^Drain Dex+7}
  5942 | D:8      | Found a bloodstained altar of Trog.
  6019 | D:8      | Killed a cyclops
  6020 | D:8      | Reached skill level 10 in Unarmed Combat
  6266 | D:9      | Found a staircase to the Lair.
  6791 | D:9      | Reached skill level 7 in Shields
  6791 | D:9      | Noticed a two-headed ogre
  6796 | D:9      | Noticed a boulder beetle
  7062 | D:9      | Killed a boulder beetle
  7062 | D:9      | Reached **** piety under Okawaru
  7152 | D:9      | Killed a two-headed ogre
  7152 | D:9      | Reached ***** piety under Okawaru
  7154 | D:9      | Reached skill level 11 in Unarmed Combat
  7362 | D:10     | Entered Level 10 of the Dungeon
  7385 | D:10     | Reached XP level 11. HP: 107/107 MP: 10/10
  7477 | D:10     | Noticed a two-headed ogre
  7485 | D:10     | Killed a two-headed ogre
  7486 | D:10     | Reached skill level 7 in Dodging
  7565 | D:10     | Reached skill level 7 in Fighting
  7578 | D:10     | Received a gift from Okawaru
  8421 | D:11     | Found a staircase to the Orcish Mines.
  8807 | Lair:1   | Entered Level 1 of the Lair of Beasts
  8807 | Lair:1   | Noticed a boulder beetle
  8825 | D:9      | Reached skill level 8 in Shields
  8843 | D:9      | Killed a boulder beetle
  8884 | Lair:1   | Reached skill level 12 in Unarmed Combat
  9575 | Lair:1   | Upgraded the game from 0.32-a0-913-g739538afd8 to
                  | 0.32-a0-918-g0f22ef8d61
  9579 | Lair:2   | Found a dark tunnel.
  9588 | Volcano  | Entered a volcano
  9714 | Volcano  | Noticed a skeletal warrior
  9730 | Volcano  | Killed a skeletal warrior
  9736 | Volcano  | Received a gift from Okawaru
  9750 | Volcano  | Reached XP level 12. HP: 53/119 MP: 2/11
  9758 | Volcano  | Reached skill level 8 in Dodging
  9879 | Volcano  | Reached skill level 8 in Fighting
  9911 | Volcano  | Reached skill level 13 in Unarmed Combat
 10240 | Lair:2   | Noticed Maggie
 10250 | Lair:2   | Killed Maggie
 10347 | Lair:2   | Reached skill level 9 in Shields
 10461 | Lair:2   | Found a staircase to the Swamp.
 10470 | Lair:2   | Received a gift from Okawaru
 11344 | Lair:3   | Found a staircase to the Snake Pit.
 11374 | Lair:3   | Reached skill level 14 in Unarmed Combat
 11412 | Lair:3   | Received a gift from Okawaru
 11557 | Lair:3   | Reached XP level 13. HP: 130/130 MP: 9/12
 11774 | Lair:3   | Reached skill level 9 in Dodging
 11860 | Lair:3   | Reached skill level 9 in Fighting
 12208 | Lair:4   | Found a runed translucent door.
 12209 | Lair:4   | Found a staircase to the Slime Pits.
 12296 | Lair:4   | Reached skill level 1 in Invocations
 12541 | Lair:4   | Reached skill level 10 in Shields
 12660 | Lair:4   | Reached skill level 2 in Invocations
 12661 | Lair:4   | Received a gift from Okawaru
 13283 | Lair:5   | Entered Level 5 of the Lair of Beasts
 13480 | Lair:5   | Reached skill level 15 in Unarmed Combat
 13515 | Lair:5   | Received a gift from Okawaru
 13590 | Lair:5   | Reached skill level 3 in Invocations
 13700 | Lair:5   | Noticed a fire dragon
 14050 | Lair:5   | HP: 32/131 [poisoned by a black mamba]
 14055 | Lair:5   | HP: 30/131 [poisoned by a black mamba]
 14191 | Lair:5   | Found a large runed translucent door.
 14192 | Lair:5   | Found a large runed translucent door.
 14330 | Lair:5   | Reached XP level 14. HP: 110/141 MP: 10/15
 14556 | Lair:5   | Received a gift from Okawaru
 14568 | Lair:5   | Reached skill level 4 in Invocations
 15482 | Orc:1    | Entered Level 1 of the Orcish Mines
 15482 | Orc:1    | Found Usyaliakk's Weapon Boutique.
 16027 | Orc:2    | Entered Level 2 of the Orcish Mines
 16027 | Orc:2    | Found Omuud's Antique Weapon Emporium.
 16027 | Orc:2    | Found Igoifep's Magic Scroll Emporium.
 16119 | Orc:1    | Reached skill level 10 in Fighting
 16423 | Orc:2    | Bought a scroll of blinking for 127 gold pieces
 16454 | Orc:2    | Noticed a stone giant
 16458 | Orc:2    | Reached skill level 16 in Unarmed Combat
 16466 | Orc:2    | Killed a stone giant
 16476 | Orc:2    | Received a gift from Okawaru
 16477 | Orc:2    | Found Huddor's General Store.
 16576 | Orc:2    | Bought a scroll of blinking for 127 gold pieces
 16593 | Orc:2    | Found Idaacosu's Antique Armour Shoppe.
 16627 | Orc:2    | Reached skill level 11 in Shields
 16818 | Orc:2    | Noticed Nico3ck's ghost (journeyman DsSu)
 16819 | Orc:2    | Found a transporter.
 16827 | Orc:2    | Found a transporter.
 16845 | Orc:2    | Found Ytwotuh's Book Shop.
 16858 | Orc:2    | Reached skill level 5 in Invocations
 16870 | Orc:2    | Bought a manual of Invocations for 880 gold pieces
 16882 | Orc:2    | Found a staircase to the Elven Halls.
 17471 | D:12     | Noticed Erolcha
 17492 | D:12     | Killed Erolcha
 17590 | D:12     | Received a gift from Okawaru
 17826 | D:12     | Reached skill level 6 in Invocations
 18451 | D:13     | Received a gift from Okawaru
 18759 | D:13     | Reached XP level 15. HP: 87/152 MP: 9/18
 18771 | D:13     | Identified the +8 great sword of Riss {venom, +Blink Int+3}
 18978 | D:13     | Reached skill level 17 in Unarmed Combat
 19018 | D:13     | Reached skill level 7 in Invocations
 19509 | D:13     | Found a gate to the Vaults.
 19550 | D:14     | Received a gift from Okawaru
 19920 | D:14     | Reached skill level 8 in Invocations
 19971 | D:14     | Found an opulent altar of Gozag.
 20124 | D:14     | Found Sovvarid's Weapon Emporium.
 20308 | D:14     | Found a portal to a secret trove of treasure.
 20478 | D:15     | Entered Level 15 of the Dungeon
 20698 | D:15     | Reached skill level 11 in Fighting
 20719 | D:15     | Found a staircase to the Depths.
 20988 | D:15     | Received a gift from Okawaru
 20993 | D:15     | Reached skill level 12 in Shields
 21748 | Swamp:1  | Entered Level 1 of the Swamp
 21755 | Swamp:1  | Received a gift from Okawaru
 21762 | Swamp:1  | Reached skill level 9 in Invocations
 21859 | Swamp:1  | Identified the +9 arbalest of the Ornamental God {drain,
                  | *Corrode rElec Int+7}
 21882 | Swamp:1  | Found an opulent altar of Gozag.
 21967 | Swamp:1  | Reached skill level 18 in Unarmed Combat
 23014 | Swamp:2  | HP: 33/154 [eight-headed hydra (9)]
 23450 | Swamp:3  | Reached XP level 16. HP: 91/163 MP: 18/22
 23576 | Swamp:3  | HP: 37/163 [poison (poison gas)]
 23578 | Swamp:2  | HP: 16/163 [poison (poison gas)]
 23883 | Swamp:3  | Reached skill level 10 in Invocations
 24252 | Swamp:3  | Identified a scroll of acquirement
 24256 | Swamp:3  | Acquired 1090 gold pieces
 24262 | Swamp:4  | Entered Level 4 of the Swamp
 25465 | Swamp:4  | Reached skill level 1 in Throwing
 25646 | Swamp:4  | Reached skill level 19 in Unarmed Combat
 25749 | Swamp:4  | Reached skill level 11 in Invocations
 25761 | Swamp:4  | Noticed a thorn hunter
 25784 | Swamp:4  | Killed a thorn hunter
 25828 | Swamp:4  | Found a basalt altar of Yredelemnul.
 25844 | Swamp:4  | Got a decaying rune of Zot
 25949 | Swamp:4  | Reached skill level 12 in Fighting
 25971 | Swamp:4  | Reached skill level 2 in Throwing
 25972 | Swamp:4  | HP: 35/165 [poisoned by a death drake (dark miasma)]
 25977 | Swamp:4  | HP: 30/165 [poisoned by a death drake (dark miasma)]
 25982 | Swamp:4  | HP: 17/165 [poison (dark miasma)]
 25987 | Swamp:4  | HP: 18/165 [poison (dark miasma)]
 26285 | Swamp:4  | Found a blossoming altar of Fedhas.
 26296 | Swamp:4  | Reached skill level 13 in Shields
 26531 | Snake:1  | Entered Level 1 of the Snake Pit
 27588 | Snake:1  | HP: 38/165 [naga ritualist/Olgreb's Toxic Radiance (5)]
 27592 | Lair:3   | HP: 18/165 [poisoned by a naga ritualist (toxic radiance)]
 27956 | Vaults:1 | Entered Level 1 of the Vaults
 28130 | Vaults:1 | Identified the +1 scimitar "Naomuuck" {freeze, rElec Will+
                  | MP+9}
 28426 | Vaults:1 | HP: 40/165 [lindwurm/blast of flame (25)]
 28434 | Vaults:1 | Reached skill level 3 in Throwing
 28435 | Vaults:1 | HP: 25/165 [lindwurm/blast of flame (19)]
 28442 | Vaults:1 | HP: 5/165 [lindwurm/blast of flame (30)]
 28450 | Vaults:1 | Reached XP level 17. HP: 32/172 MP: 0/24
 29120 | Vaults:1 | Reached skill level 12 in Invocations
 29906 | Vaults:2 | Reached skill level 4 in Throwing
 30049 | Vaults:2 | HP: 40/175 [yaktaur captain/bolt (64)]
 30053 | Vaults:2 | Received a gift from Okawaru
 30259 | Vaults:2 | Found a staircase to the Crypt.
 30320 | Vaults:2 | Noticed a sphinx
 30324 | Vaults:2 | Killed a sphinx
 30351 | Vaults:2 | Reached skill level 20 in Unarmed Combat
 30585 | Vaults:2 | HP: 40/175 [lindwurm/blast of flame[a boggart] (30)]
 30603 | Vaults:2 | HP: 30/175 [lindwurm[a boggart] (21)]
 30791 | Vaults:2 | Found Noekhali's Weapon Emporium.
 30956 | Vaults:2 | Reached skill level 5 in Throwing
 31231 | Vaults:2 | Found Xevips's Weapon Shop.
 31739 | Vaults:3 | Found Ryofuc's Assorted Antiques.
 31812 | Vaults:3 | Received a gift from Okawaru
 32061 | Vaults:3 | Reached skill level 13 in Fighting
 32072 | Vaults:3 | Reached skill level 14 in Shields
 32078 | Vaults:3 | Reached XP level 18. HP: 154/185 MP: 20/26
 32669 | Vaults:3 | Reached skill level 21 in Unarmed Combat
 33940 | Orc:2    | Bought smoking fire dragon scales for 1560 gold pieces
 33940 | Orc:2    | Identified the +1 fire dragon scales "Laculorgh" {rF++ rC-
                  | Will++} (You bought it in a shop on level 2 of the Orcish
                  | Mines)
 34209 | Vaults:3 | HP: 19/187 [ironbound thunderhulk/bolt of lightning (34)]
 34211 | Vaults:3 | HP: 6/187 [vault guard/+0 battleaxe[a vault warden] (16)]
 34439 | Vaults:4 | Reached skill level 1 in Armour
 34607 | Vaults:4 | Noticed Xtahua
 34621 | Vaults:4 | Killed Xtahua
 34653 | Vaults:3 | Reached skill level 2 in Armour
 34777 | Vaults:4 | Noticed Mennas
 34823 | Vaults:4 | Killed Mennas
 35290 | Vaults:4 | Identified the +4 robe "Boriopt" {+Blink Str+6 Slay-6}
 35290 | Vaults:4 | Noticed Boris
 35314 | Vaults:4 | Killed Boris
 35315 | Vaults:4 | Reached skill level 1 in Evocations
 35469 | Vaults:4 | Identified the +0 dagger of the Jester {freeze, Str+4
                  | Int+3}
 35472 | Vaults:4 | Reached skill level 3 in Armour
 35592 | Vaults:4 | Found a runed translucent door.
 35592 | Vaults:4 | Noticed Konar's ghost (adept CoHu)
 36153 | Vaults:4 | Killed Konar's ghost
 36154 | Vaults:4 | Reached XP level 19. HP: 105/179 MP: 11/27
 36512 | Snake:1  | HP: 40/181 [naga ritualist/splash of poison (9)]
 36514 | Lair:3   | HP: 16/181 [poisoned by a naga warrior (splash of poison)]
 36679 | Lair:3   | Reached skill level 22 in Unarmed Combat
 36741 | Lair:3   | Reached skill level 2 in Evocations
 37364 | Snake:1  | Reached skill level 15 in Shields
 37441 | Snake:1  | Reached skill level 4 in Armour
 37451 | Snake:1  | Reached skill level 14 in Fighting
 38145 | Snake:2  | Identified the +1 cloak "Qyghuqiv" {rCorr Str+3 Stlth+}
 38713 | Snake:3  | Reached skill level 3 in Evocations
 38834 | Snake:3  | Noticed Jorgrun
 38853 | Snake:3  | Killed Jorgrun
 39076 | Snake:3  | Noticed Vashnia
 39088 | Snake:3  | Killed Vashnia
 39693 | Snake:4  | Entered Level 4 of the Snake Pit
 39955 | Snake:4  | Reached skill level 5 in Armour
 40001 | Snake:4  | Identified the +5 rapier "Vioj" {drain, rCorr MP+9 Str+2}
 40183 | Snake:4  | Identified the serpent talisman of Fashionability {rF-
                  | rC+++ rN++ Will-}
 40183 | Snake:4  | Noticed Aizul
 40209 | Snake:4  | Killed Aizul
 40210 | Snake:4  | Reached skill level 4 in Evocations
 40702 | Snake:4  | Reached XP level 20. HP: 178/208 MP: 23/28
 40869 | Snake:4  | Reached skill level 23 in Unarmed Combat
 40985 | Snake:4  | Got a serpentine rune of Zot
 41586 | Elf:1    | Entered Level 1 of the Elven Halls
 41668 | Elf:1    | HP: 44/205 [deep elf zephyrmancer/bolt of lightning (18)]
 41913 | Elf:1    | HP: 45/205 [deep elf zephyrmancer/bolt of lightning (23)]
 42230 | Elf:1    | Reached skill level 5 in Evocations
 42314 | Elf:1    | HP: 51/208 [deep elf zephyrmancer/bolt of lightning (34)]
 42640 | Elf:1    | Found Sunaahim's Jewellery Shop.
 42641 | Elf:1    | Found Ehosau's Book Shoppe.
 42642 | Elf:1    | Found Huer's Jewellery Shop.
 42643 | Elf:1    | Paralysed by an air elemental for 1 turns
 42930 | Elf:1    | Found Haita's Armour Shop.
 43252 | Elf:2    | Received a gift from Okawaru
 43336 | Elf:2    | Reached skill level 16 in Shields
 43528 | Elf:2    | Found a runed translucent gate.
 43528 | Elf:2    | Found a runed translucent gate.
 43528 | Elf:2    | Found a runed translucent gate.
 43922 | Elf:3    | Entered Level 3 of the Elven Halls
 44026 | Elf:3    | Identified the ring of Cumpumat {AC+4 Str+7}
 44073 | Elf:3    | Found Unuder's Magic Scroll Shoppe.
 44138 | Elf:3    | Reached skill level 15 in Fighting
 44219 | Elf:3    | Found Weapn's Antique Weapon Shoppe.
 44219 | Elf:3    | Paralysed by an air elemental for 1 turns
 44282 | Elf:3    | Found Hibit's Distillery.
 44285 | Elf:3    | Bought a potion of might for 80 gold pieces
 44285 | Elf:3    | Bought a potion of mutation for 160 gold pieces
 44285 | Elf:3    | Bought a potion of mutation for 160 gold pieces
 44820 | Elf:3    | Paralysed by an air elemental for 1 turns
 44823 | Elf:3    | Paralysed by an air elemental for 1 turns
 45065 | Elf:3    | Reached skill level 24 in Unarmed Combat
 45158 | Elf:3    | Received a gift from Okawaru
 45325 | Elf:3    | Identified the +7 morningstar of Pobuh {freeze, rC++ Str+3}
 45356 | Elf:3    | Identified the staff of Corruption {rElec rPois rF+ Ice
                  | Alchemy}
 45464 | Elf:3    | Reached XP level 21. HP: 218/218 MP: 29/29
 45484 | Elf:3    | Identified the +7 flail of Non Obstante Veredicto {flame,
                  | rF+++ rCorr Str-2 Dex+3}
 45924 | Depths:1 | Entered Level 1 of the Depths
 46052 | Depths:1 | Found a one-way gate to the infinite horrors of the Abyss.
 46074 | Depths:1 | You fall into a shaft and drop 1 floor!
 46104 | Depths:2 | Received a gift from Okawaru
 46315 | Depths:1 | Found Qasyhekh's Tiny Tomes.
 46358 | Depths:1 | Noticed Asterion
 46362 | Depths:1 | Killed Asterion
 46423 | Depths:1 | Found an iron altar of Okawaru.
 46456 | Depths:1 | Found a one-way gate leading to the halls of Pandemonium.
 46911 | Depths:1 | Found a gateway to Hell.
 47775 | Depths:2 | Reached skill level 25 in Unarmed Combat
 47823 | Depths:2 | Noticed the Enchantress
 47851 | Depths:2 | Killed the Enchantress
 47927 | Depths:2 | HP: 40/221 [??? (30)]
 48261 | Depths:2 | Reached skill level 16 in Fighting
 48312 | Depths:2 | Identified the +2 glaive "Goblinbane" {venom, *Noise rN++
                  | Str+3}
 48389 | Depths:2 | Found an ancient bone altar of Kikubaaqudgha.
 48517 | Depths:2 | Identified the staff "Aggoffi" {rElec MP+9 Conj Ice}
 48813 | Depths:2 | Got the Reference Book on Bones and Voltage
 49346 | Depths:2 | Found a sparkling altar of Nemelex Xobeh.
 49572 | Depths:2 | HP: 38/201 [??? (32)]
 49578 | Depths:2 | HP: 23/204 [??? (18)]
 49830 | Depths:2 | Acquired the +3 hat "Kecrossa" {Will+ rCorr Dex+4}
 50004 | Depths:3 | HP: 47/213 [spriggan berserker/+1 antimagic rapier (21)]
 50008 | Depths:4 | Entered Level 4 of the Depths
 50009 | Depths:4 | HP: 47/213 [spark wasp (6)]
 50015 | Depths:4 | HP: 28/215 [something (8)]
 50032 | Depths:4 | HP: 32/220 [tengu reaver/bolt of lightning (27)]
 50050 | Depths:4 | HP: 43/222 [ice dragon/blast of cold (39)]
 50061 | Depths:4 | HP: 43/223 [ice dragon/blast of cold (9)]
 50063 | Depths:4 | Reached XP level 22. HP: 46/232 MP: 2/30
 50116 | Depths:4 | Reached skill level 26 in Unarmed Combat
 50636 | Depths:3 | Received a gift from Okawaru
 50982 | Depths:3 | Noticed a golden dragon
 50990 | Depths:3 | Killed a golden dragon
 51194 | Depths:3 | Found a one-way gateway to a ziggurat.
 51335 | Depths:3 | Found a stormy altar of Qazlal.
 51686 | Depths:3 | Noticed an ancient lich
 51695 | Depths:3 | Killed an ancient lich
 51749 | Depths:3 | Reached skill level 17 in Fighting
 51766 | Depths:3 | Identified the +0 shadow dragon scales of Uphomn {rF+
                  | Stlth++++}
 52098 | Depths:4 | Found a gate to the Realm of Zot.
 52337 | Depths:4 | Reached skill level 27 in Unarmed Combat
 52417 | Depths:4 | Identified the +4 robe of the Vacuum {rC+}
 52417 | Depths:4 | Noticed Boris
 52427 | Depths:4 | Killed Boris
 52472 | Depths:4 | Noticed Jory
 52474 | Depths:4 | Noticed Parghit
 52495 | Depths:4 | Killed Jory
 52502 | Depths:4 | Killed Parghit
 53125 | Depths:4 | Identified the ring of Devotion {Ice rCorr Int+4}
 53125 | Depths:4 | Noticed Josephina
 53135 | Depths:4 | Killed Josephina
 53688 | Vaults:5 | Entered Level 5 of the Vaults
 53715 | Vaults:5 | Reached skill level 6 in Armour
 53765 | Vaults:5 | Reached XP level 23. HP: 226/247 MP: 24/31
 53767 | Vaults:5 | Noticed an ancient lich
 53778 | Vaults:5 | Killed an ancient lich
 53779 | Vaults:5 | Reached skill level 18 in Fighting
 53850 | Vaults:5 | Reached skill level 7 in Armour
 54030 | Vaults:5 | Received a gift from Okawaru
 54043 | Vaults:5 | Identified the amulet "Xof Jesodoe" {Harm Rampage Will-
                  | Regen+ Stlth+}
 54367 | Vaults:5 | Reached skill level 8 in Armour
 54891 | Vaults:5 | Received a gift from Okawaru
 54908 | Vaults:5 | Noticed a dread lich
 54916 | Vaults:5 | Reached skill level 9 in Armour
 54921 | Vaults:5 | Killed a dread lich
 54969 | Vaults:5 | Got the Secrets of Destined Ice
 54991 | Vaults:5 | Identified the +2 robe of the Blessed Realm {rElec
                  | Archmagi}
 54991 | Vaults:5 | Noticed Boris
 54999 | Vaults:5 | Killed Boris
 55038 | Vaults:5 | Reached skill level 19 in Fighting
 55071 | Vaults:5 | Got a silver rune of Zot
 55107 | Vaults:5 | Acquired a manual of Fighting
 55123 | Vaults:5 | Noticed Bai Suzhen
 55139 | Vaults:5 | Killed Bai Suzhen
 55895 | Zot:1    | Entered Level 1 of the Realm of Zot
 56019 | Zot:1    | Noticed a curse toe
 56033 | Depths:4 | Received a gift from Okawaru
 56275 | Depths:4 | Reached skill level 10 in Armour
 56473 | Depths:4 | Killed a curse toe
 56602 | Zot:1    | Reached XP level 24. HP: 136/263 MP: 20/31
 57092 | Zot:2    | Reached skill level 17 in Shields
 57281 | Zot:2    | Reached skill level 6 in Throwing
 57588 | Zot:2    | Noticed an orb of fire
 57598 | Zot:2    | Noticed a shard shrike
 57604 | Zot:2    | Killed an orb of fire
 57608 | Zot:2    | Killed a shard shrike
 57612 | Zot:2    | Received a gift from Okawaru
 57615 | Zot:2    | HP: 58/263 [red draconian scorcher/damnation (24)]
 57983 | Zot:2    | Reached skill level 11 in Armour
 58008 | Zot:2    | Upgraded the game from 0.32-a0-918-g0f22ef8d61 to
                  | 0.32-a0-921-g04a7ad8e02
 58449 | Zot:2    | Identified the +9 quarterstaff of Quick Death {venom, rElec
                  | rPois Will+}
 58475 | Zot:2    | Reached skill level 7 in Throwing
 59322 | Crypt:1  | Entered Level 1 of the Crypt
 59530 | Crypt:1  | Reached skill level 1 in Shapeshifting
 59534 | Crypt:1  | Reached skill level 20 in Fighting
 59556 | Crypt:1  | Found a runed translucent gate.
 59556 | Crypt:1  | Found a runed translucent gate.
 59556 | Crypt:1  | Found a runed translucent gate.
 59653 | Crypt:1  | Noticed Kiamal's ghost (veteran GnHW)
 59653 | Crypt:1  | Noticed Wyquac's ghost (adept OpEE)
 59720 | Crypt:1  | Reached skill level 2 in Shapeshifting
 59907 | Crypt:1  | Reached skill level 3 in Shapeshifting
 60142 | Crypt:1  | Killed Kiamal's ghost
 60159 | Crypt:1  | Killed Wyquac's ghost
 60271 | Crypt:2  | Reached skill level 4 in Shapeshifting
 61100 | Crypt:2  | Reached skill level 5 in Shapeshifting
 61705 | Crypt:1  | Found a basalt altar of Yredelemnul.
 61763 | Crypt:3  | Entered Level 3 of the Crypt
 61773 | Crypt:3  | Noticed Khufu
 61779 | Crypt:3  | Noticed a royal mummy
 61907 | Crypt:2  | Killed Khufu
 61908 | Crypt:2  | Reached skill level 21 in Fighting
 61994 | Crypt:3  | Killed a royal mummy
 62053 | Crypt:3  | Reached skill level 6 in Shapeshifting
 62142 | Crypt:3  | Identified the orb "Herut" {light, Regen+}
 62142 | Crypt:3  | Noticed Frederick
 62159 | Crypt:3  | Killed Frederick
 62240 | Crypt:3  | Received a gift from Okawaru
 62290 | Crypt:3  | Reached skill level 7 in Shapeshifting
 62319 | Crypt:3  | Reached XP level 25. HP: 247/269 MP: 28/31
 62429 | Crypt:3  | Found a basalt altar of Yredelemnul.
 62434 | Crypt:3  | Noticed an ancient lich
 62442 | Crypt:3  | Killed an ancient lich
 62733 | Crypt:3  | Identified the +3 long sword "Hell-Harrower" {flame, Will+
                  | rCorr Str+3 Int+3}
 62736 | Crypt:3  | Got the Precepts of Maleficent Deeds
 62884 | Crypt:3  | Reached skill level 8 in Shapeshifting
 62926 | Crypt:3  | Found a staircase to the Tomb.
 63072 | Crypt:3  | Identified the ring of Exzat {rC+ Will+ Dex+2 Stlth+}
 63074 | Crypt:3  | Identified the +5 battleaxe of Coemn {antimagic, Dex+3}
 63076 | Crypt:3  | Identified the +0 scale mail "Lyikluir" {Rampage Dex+4}
 63645 | Slime:1  | Entered Level 1 of the Pits of Slime
 63758 | Slime:2  | Paralysed by a formless jellyfish for 1 turns
 63946 | Slime:4  | Reached skill level 9 in Shapeshifting
 63958 | Slime:5  | Entered Level 5 of the Pits of Slime
 63976 | Slime:5  | Gained mutation: Your body sometimes deteriorates upon
                  | taking damage. [a shining eye]
 64153 | Slime:5  | Noticed the Royal Jelly
 64197 | Slime:5  | Reached skill level 22 in Fighting
 64233 | Slime:5  | Killed the Royal Jelly
 64465 | Slime:5  | Reached skill level 10 in Shapeshifting
 64469 | Slime:5  | Gained mutation: You are dopey. (Int -2) [a shining eye]
 64481 | Slime:5  | Found the +10 zealot's sword {holy, Zealotry, *Rage rN+
                  | EV+3}
 64494 | Slime:5  | Identified the +3 kite shield of Indemnity {Int-4 Slay+6
                  | SInv}
 64503 | Slime:5  | Got a slimy rune of Zot
 64515 | Slime:5  | Identified the +6 rapier "Axuastriss" {antimagic, ^Drain
                  | rElec rPois}
 64542 | Slime:5  | Gained mutation: You occasionally lose the ability to drink
                  | potions when taking damage. [a shining eye]
 64545 | Slime:5  | Found the +4 consecrated labrys {holy, Valiant ^Fragile Fly
                  | SInv}
 64558 | Slime:5  | Identified the +9 glaive "Pipoumni" {vamp, rPois rF+ rC+
                  | Dex+3}
 64692 | Slime:5  | Identified the +8 sling of Hospitality {flame, rN+ Str+4}
 64694 | Slime:5  | Identified the +0 falchion of the Reaper {freeze, rC++
                  | Str-4 Dex+4}
 66385 | Zot:3    | Found a shimmering altar of Xom.
 66394 | Zot:3    | Noticed a Killer Klown
 66404 | Zot:3    | Killed a Killer Klown
 66444 | Zot:3    | Reached skill level 11 in Shapeshifting
 66483 | Zot:3    | Noticed a Killer Klown
 66496 | Zot:3    | Killed a Killer Klown
 66496 | Zot:3    | Received a gift from Okawaru
 66570 | Zot:3    | Found a shimmering altar of Xom.
 66570 | Zot:3    | Found a glowing silver altar of Zin.
 66571 | Zot:3    | Found a shimmering altar of Xom.
 66571 | Zot:3    | Found a shimmering altar of Xom.
 66574 | Zot:3    | Found a shimmering altar of Xom.
 67119 | Zot:3    | Lost mutation: You are dopey. (Int -2) [potion of mutation]
 67119 | Zot:3    | Lost mutation: Your body sometimes deteriorates upon taking
                  | damage. [potion of mutation]
 67119 | Zot:3    | Gained mutation: Your body sometimes deteriorates upon
                  | taking damage. [potion of mutation]
 67119 | Zot:3    | Gained mutation: You sometimes lose your temper in combat.
                  | [potion of mutation]
 67119 | Zot:3    | Gained mutation: Your spells are a little harder to cast,
                  | but a little more powerful. [potion of mutation]
 67120 | Zot:3    | Lost mutation: You occasionally lose the ability to drink
                  | potions when taking damage. [potion of mutation]
 67120 | Zot:3    | Lost mutation: Your body sometimes deteriorates upon taking
                  | damage. [potion of mutation]
 67120 | Zot:3    | Gained mutation: You are robust. (+10% HP) [potion of
                  | mutation]
 67121 | Zot:3    | Lost mutation: Your spells are a little harder to cast, but
                  | a little more powerful. [potion of mutation]
 67121 | Zot:3    | Lost mutation: You sometimes lose your temper in combat.
                  | [potion of mutation]
 67121 | Zot:3    | Gained mutation: You sometimes lose your temper in combat.
                  | [potion of mutation]
 67122 | Zot:3    | Lost mutation: You sometimes lose your temper in combat.
                  | [potion of mutation]
 67122 | Zot:3    | Lost mutation: You are robust. (+10% HP) [potion of
                  | mutation]
 67122 | Zot:3    | Gained mutation: You are robust. (+10% HP) [potion of
                  | mutation]
 67122 | Zot:3    | Gained mutation: You are agile. (Dex +4, Str/Int -1)
                  | [potion of mutation]
 67709 | Zot:4    | Reached skill level 12 in Shapeshifting
 67931 | Zot:5    | Entered Level 5 of the Realm of Zot
 68303 | Zot:5    | Reached XP level 26. HP: 280/324 MP: 26/31
 68303 | Zot:5    | Received a gift from Okawaru
 68661 | Zot:5    | Reached skill level 23 in Fighting
 69251 | Zot:5    | Noticed an ancient lich
 69277 | Zot:5    | Killed an ancient lich
 69278 | Zot:5    | Reached skill level 13 in Shapeshifting
 70390 | Zot:5    | Noticed an orb of fire
 70397 | Zot:5    | Gained mutation: You have hidden genetic defects. [an orb
                  | of fire]
 70399 | Zot:5    | Killed an orb of fire
 70399 | Zot:5    | Received a gift from Okawaru
 70407 | Zot:5    | Noticed an ancient lich
 70411 | Zot:5    | Killed an ancient lich
 70664 | Zot:5    | Noticed an orb of fire
 70682 | Zot:5    | Killed an orb of fire
 70843 | Zot:5    | Reached skill level 14 in Shapeshifting
 70931 | Zot:5    | Noticed an ancient lich
 70943 | Zot:5    | Killed an ancient lich
 71020 | Zot:5    | Gained mutation: You occasionally lose the ability to read
                  | scrolls when taking damage. [hidden defects]
 71147 | Zot:5    | Noticed an orb of fire
 71163 | Zot:5    | Killed an orb of fire
 71199 | Zot:5    | Received a gift from Okawaru
 71491 | Zot:5    | Got the Orb of Zot
 71656 | Zot:1    | Noticed Xosy the pandemonium lord
 71676 | Depths:4 | Killed Xosy the pandemonium lord
 71737 | Depths:1 | Identified the +4 robe of Kism {Will+ Str+3 SInv}
 71737 | Depths:1 | Noticed Boris
 71922 | D:9      | Reached skill level 15 in Shapeshifting
 71925 | D:9      | Reached skill level 24 in Fighting
 71937 | D:8      | Gained mutation: You sometimes lose your temper in combat.
                  | [hidden defects]
 71937 | D:8      | Lost mutation: You have hidden genetic defects. [hidden
                  | defects expressed]
 72121 | D:$      | Escaped with the Orb!

Illustrated notes

Levels and vault maps discovered:
D:1:      saegor_arrival_simple_a, layout_loops_ring, serial_shops,
          nicolae_book_shop_shelving
D:2:      layout_basic, serial_shops, nicolae_shop_overgrown_old_shop
D:3:      minmay_spotlight, layout_rooms, kennysheep_generic_room_13
D:4:      layout_cave_pools, tgw_sif, uniq_blork_the_orc, uniq_menkaure
D:5:      layout_basic, serial_shops, nicolae_take_the_stairs
D:6:      cheibrodos_iron_armory, layout_loops_corners,
          minmay_temple_entry_stoned_glass,
          nicolae_concentric_dashed_squares_mild, hangedman_decor_push,
          minivault_19
D:7:      layout_basic, mainiacjoe_overflow_surrounded_room,
          gammafunk_ghost_split, uniq_maurice
D:8:      layout_basic, mainiacjoe_overflow_cross_hatched, uniq_pikel
D:9:      layout_basic, lair_entry_dummy, hex_intersection, grunt_potential
D:10:     layout_small_grid
D:11:     layout_loops_ring, orc_0_dummy
D:12:     minmay_s_stair_smasher, layout_rooms, ebering_dispersal_statue_hall,
          uniq_erolcha
D:13:     layout_basic, david_vaults_5
D:14:     layout_irregular_city, hangedman_decor_lopped, serial_shops,
          nicolae_shop_back_alley_shop, nicolae_trove_entry_diagonal,
          nicolae_gozag_cash_rules_everything_around_me
D:15:     grunt_enter_depths_snipers, layout_basic, minmay_misc_feat_cross,
          nicolae_letterblocks [nicolae_letter_subblock,
          nicolae_letter_subblock, nicolae_letter_subblock,
          nicolae_letter_subblock, nicolae_letter_subblock,
          nicolae_letter_subblock, nicolae_letter_subblock,
          nicolae_letter_subblock, nicolae_letter_subblock,
          nicolae_letter_subblock, nicolae_letter_subblock,
          nicolae_letter_subblock, nicolae_letter_subblock,
          nicolae_letter_subblock, nicolae_letter_subblock,
          nicolae_letter_subblock, nicolae_letter_subblock,
          nicolae_letter_subblock, nicolae_letter_subblock,
          nicolae_letter_subblock, nicolae_letter_subblock,
          nicolae_letter_subblock, nicolae_letter_subblock,
          nicolae_letter_subblock, nicolae_letter_subblock]
Temple:   hellmonk_temple_divided_pantheon
Lair:1:   layout_gridlike
Lair:2:   layout_loops_ring, skrybe_swamp_entry_bodies,
          nicolae_volcano_entry_two_sided, lemuel_fruit_fields, uniq_maggie
Lair:3:   layout_loops_ring, guppyfry_snake_entry_island
Lair:4:   layout_regular_city, slime_entry_2, bobbens_ice_dragon_lair
Lair:5:   cheibrodos_lair_end_hotspot, layout_hall_layers,
          gauntlet_entry_generic, infiniplex_staircase_pool, lemuel_fruit_tree
Swamp:1:  layout_basic_swamp, nicolae_swamp_some_circles, lemuel_altar_in_water
Swamp:2:  layout_falls_marsh, serial_swamp_ruin, hangedman_swamp_ruin_wall,
          evilmike_swamp_ruin_rubble_2
Swamp:3:  layout_falls_marsh, evilmike_swamp_ruin_house_1, swamp_pool_3
Swamp:4:  byrel_swamp_growth_death_and_undeath, layout_basic_swamp
Snake:1:  layout_onion, evilmike_ambush [evilmike_ambush_outer_corners,
          evilmike_ambush_inner_basic], serial_bayou_shore_b,
          serial_bayou_shore_a
Snake:2:  layout_misc_corridors
Snake:3:  layout_grid_maze, uniq_vashnia, uniq_jorgrun
Snake:4:  snake_hunt, layout_rooms, grunt_ministairs_5, uniq_aizul
Slime:1:  layout_caves, basic_altar
Slime:2:  layout_caves
Slime:3:  layout_caves
Slime:4:  layout_caves
Slime:5:  slime_pit_nicolae_trefoil
Orc:1:    layout_diamond_mine, serial_shops, shop
Orc:2:    grunt_orc_gardens, layout_caves, grunt_orc_garden, grunt_orc_garden,
          grunt_orc_garden, grunt_orc_garden, gammafunk_ghost_arena,
          serial_shops, shop
Elf:1:    elf_arrival_001, layout_rooms, serial_shops,
          nicolae_shop_back_alley_shop, minmay_elf_crystal_hexagon,
          small_statue_intersection, minmay_shop_grove
Elf:2:    nicolae_elf_blades_splatter_lattice [nicolae_blade_bullseye],
          layout_geoelf_diagonals, lemuel_elevator, hangedman_decor_cross_pass
Elf:3:    nooodl_elf_gasket, layout_geoelf_castle, serial_shops, shop,
          nicolae_shop_real_fake_doors, nicolae_shop_behind_doors, minivault_15,
          unseen_surprise_small
Vaults:1: nicolae_vaults_house_1, vaults_dpeg_cross, v_misc_13,
          vaults_room_fours, nicolae_vaults_border_crossing,
          vaults_room_corners, vaults_standard_mumra_x,
          ontoclasm_vaults_decontamination, layout_vaults_omnigrid
Vaults:2: nicolae_vaults_diagonal_hallway_8, hangedman_vaults_cutoff,
          nicolae_vaults_bisected_inception, nicolae_vaults_weapon_check,
          v_misc_2, vaults_room_door_ring, blue_anna_dwarven_crypt,
          ontoclasm_vaults_shuriken, v_misc_5,
          nicolae_vaults_offset_grid_hallway_2, st_cross,
          nicolae_vaults_trapezoid_lopsided_3, ontoclasm_vaults_twist,
          nicolae_vaults_octothorpe, layout_vaults_omnicross, serial_shops,
          shop, nicolae_shop_bloodbath_and_beyond
Vaults:3: nicolae_vaults_doubleplus_tesselated, nicolae_vaults_know_your_exits,
          nicolae_vaults_network_quincunx
          [nicolae_vaults_network_quincunx_subvault,
          nicolae_vaults_network_quincunx_subvault,
          nicolae_vaults_network_quincunx_subvault,
          nicolae_vaults_network_quincunx_subvault,
          nicolae_vaults_network_quincunx_subvault], nicolae_vaults_house_2,
          nicolae_vaults_prndl, vaults_room_hallway, v_misc_18,
          ontoclasm_vaults_claustrophobia, nicolae_vaults_turnstiles,
          nicolae_vaults_little_squares_3,
          nicolae_vaults_windows_and_doors_thing,
          nicolae_vaults_network_periphery, layout_vaults_omnibox, serial_shops,
          shop
Vaults:4: hellmonk_ghost_big_iron, ontoclasm_vaults_eye,
          hangedman_vaults_capsules, hangedman_vaults_nails,
          grunt_vaults_bifocal, v_misc_25, lightli_orcish_oven,
          nicolae_vaults_diamond_1, nicolae_vaults_little_ls,
          layout_vaults_big_room, serial_shops, statue_bzr, uniq_mennas,
          uniq_boris, uniq_xtahua
Vaults:5: uniq_bai_suzhen
Crypt:1:  layout_chaotic_city, gammafunk_ghost_cemetery, grunt_megastairs_3,
          lemuel_upstairs_altar, grunt_crypt_arrival_webbed
Crypt:2:  layout_catacombs, minivault_27
Crypt:3:  cryptofortress_bobbens, uniq_khufu, uniq_frederick
Depths:1: layout_forbidden_donut, hangedman_geh_valley, abyss_entry_glasseish,
          pan_entry, okawaru_trees_2, chequers_serial_rivers_micro_a,
          minmay_misc_feat_rugged, nicolae_shop_i_like_small_books_too,
          st_stairs_6, minmay_metal_thing, uniq_asterion
Depths:2: evilmike_negative_zone, layout_basic, hellmouth_2,
          rand_demon_pan_entry_1, nemelex_lonely_heart_becter,
          minmay_staircase_bubble, uniq_enchantress
Depths:3: bobbens_index_wilting_gardens, layout_gridlike, enter_ziggurat_d,
          hell_entry, abyss_entry, grunt_qazlal_clouds, serial_bayou_ford_a
Depths:4: grunt_zot_entry_alcove, layout_long_grid, hell_entry, abyss_entry,
          uniq_jory, uniq_parghit, uniq_josephina
Zot:1:    layout_onion_interference, regret_index_zotdec_banners
Zot:2:    kennysheep_bubbly, layout_gridlike, hangedman_elemental_grid_stream
Zot:3:    dreamdust_zin_vs_xom, layout_gridville, regret_index_zotdec_magical_s,
          grunt_megastairs_4
Zot:4:    layout_gridville, regret_index_zotdec_icy_dp
Zot:5:    layout_gridlike, st_stairs_13

Skill      XL: |  1  2  3  4  5  6  7  8  9 10 11 12 13 14 15 16 17 18 19 20 21 22 23 24 25 26 |
---------------+-------------------------------------------------------------------------------+-----
Shields        | 3 4 5 6 7 8 9 10 11 12 13 14 15 16 17 | 17.5
Unarmed Combat | 3 4 5 6 7 9 11 12 14 15 16 18 19 20 21 22 24 25 27 | 27.0
Fighting       | 3 4 5 6 7 8 9 10 11 12 13 14 15 16 17 19 21 22 24 | 24.0
Dodging        | 3 4 5 6 7 8 9 |  9.9
Invocations    | 3 6 9 11 12 | 12.0
Throwing       | 3 5 7 |  7.4
Armour         | 3 5 6 10 11 | 11.3
Evocations     | 1 4 5 |  5.0
Shapeshifting  | 7 12 15 | 15.0

Action                     |  1- 3 |  4- 6 |  7- 9 | 10-12 | 13-15 | 16-18 | 19-21 | 22-24 | 25-27 || total
---------------------------+-------+-------+-------+-------+-------+-------+-------+-------+-------++-------
  Melee: Unarmed           |    82 |    83 |   311 |   660 |  1139 |  1272 |  1520 |  1596 |  1115 ||  7778
  Throw: Large rock        |       |       |       |       |    22 |    76 |    59 |    14 |    59 ||   230
 Invoke: Heroism           |       |       |       |     7 |    31 |    51 |    42 |    35 |    18 ||   184
         Finesse           |       |       |       |     1 |     1 |     9 |     7 |     6 |     2 ||    26
  Evoke: Wand              |       |       |       |       |     1 |     2 |     1 |       |     1 ||     5
         Lightning rod     |       |       |       |       |       |       |       |       |     3 ||     3
    Use: Scroll            |       |     1 |    23 |     5 |     2 |    12 |     8 |    10 |     4 ||    65
         Potion            |       |     1 |     3 |     1 |       |    12 |    14 |     4 |     8 ||    43
   Stab: Sleeping          |     3 |     1 |       |       |       |       |       |     1 |       ||     5
         Petrified         |       |       |       |       |     1 |       |       |       |       ||     1
         Distracted        |       |       |       |       |       |       |     2 |       |       ||     2
 Armour: Robe              |    34 |    39 |   188 |   144 |       |       |       |    68 |       ||   473
         Skin              |       |       |    27 |    17 |       |       |       |       |       ||    44
         Acid dragon scale |       |       |       |   204 |   569 |   717 |    27 |    35 |       ||  1552
         Fire dragon scale |       |       |       |       |       |   103 |   654 |       |       ||   757
         Gold dragon scale |       |       |       |       |       |       |       |   547 |   512 ||  1059
  Dodge: Dodged            |    18 |    26 |    98 |   322 |   503 |   694 |   248 |   233 |   123 ||  2265
  Block: Kite shield       |    25 |    27 |   135 |   369 |   606 |   681 |       |       |       ||  1843
         Tower shield      |       |       |       |       |       |   134 |  1314 |  1202 |   876 ||  3526
         Reflection        |       |       |       |       |       |    16 |   138 |    23 |    24 ||   201

Table legend: (Time is in decaauts)
 A = Elapsed time spent in this place.
 B = Non-inter-level travel time spent in this place.
 C = Inter-level travel time spent in this place.
 D = Time resting spent in this place.
 E = Time spent auto-exploring this place.
 F = Levels seen in this place.
 G = Mean time per level.
                   A        B        C        D        E       F      G
               +--------+--------+--------+--------+--------+-----+--------+
         Total |  69547 |  62152 |   7395 |  11833 |  37009 |  57 | 1220.1 |
       Dungeon |  14621 |  12140 |   2481 |    561 |   9330 |  15 |  974.7 |
        Temple |     38 |     30 |      8 |      0 |      0 |   1 |   38.0 |
          Lair |   7826 |   7105 |    721 |   1908 |   3992 |   5 | 1565.2 |
         Swamp |   4706 |   4505 |    201 |   1155 |   2285 |   4 | 1176.5 |
     Snake Pit |   4336 |   4079 |    257 |    308 |   2923 |   4 | 1084.0 |
    Slime Pits |   1359 |   1257 |    102 |    201 |    402 |   5 |  271.8 |
  Orcish Mines |   2439 |   1942 |    497 |    544 |   1132 |   2 | 1219.5 |
   Elven Halls |   3645 |   3415 |    230 |    508 |   2104 |   3 | 1215.0 |
        Vaults |  10015 |   8537 |   1478 |   1726 |   4898 |   5 | 2003.0 |
         Crypt |   3789 |   3472 |    317 |    367 |   2418 |   3 | 1263.0 |
        Depths |   7783 |   6994 |    789 |   1841 |   3594 |   4 | 1945.8 |
           Zot |   8372 |   8062 |    310 |   2597 |   3791 |   5 | 1674.4 |
       Volcano |    615 |    615 |      0 |    112 |    139 |   1 |  615.0 |
               +--------+--------+--------+--------+--------+-----+--------+

Top non-repeatable levels by time:
   Zot:5: 3485 daAuts
Vaults:2: 2664 daAuts
  Lair:3: 2662 daAuts
Depths:2: 2591 daAuts
   Zot:2: 2181 daAuts
Depths:4: 2057 daAuts
Vaults:1: 2012 daAuts
Vaults:3: 2005 daAuts
  Lair:5: 1967 daAuts
 Swamp:4: 1872 daAuts
   Elf:3: 1720 daAuts
Vaults:5: 1695 daAuts
 Crypt:2: 1687 daAuts
Vaults:4: 1636 daAuts
Depths:3: 1600 daAuts

Levels and vault maps discovered:
D:1:      saegor_arrival_simple_a, layout_loops_ring, serial_shops,
          nicolae_book_shop_shelving
D:2:      layout_basic, serial_shops, nicolae_shop_overgrown_old_shop
D:3:      minmay_spotlight, layout_rooms, kennysheep_generic_room_13
D:4:      layout_cave_pools, tgw_sif, uniq_blork_the_orc, uniq_menkaure
D:5:      layout_basic, serial_shops, nicolae_take_the_stairs
D:6:      cheibrodos_iron_armory, layout_loops_corners,
          minmay_temple_entry_stoned_glass,
          nicolae_concentric_dashed_squares_mild, hangedman_decor_push,
          minivault_19
D:7:      layout_basic, mainiacjoe_overflow_surrounded_room,
          gammafunk_ghost_split, uniq_maurice
D:8:      layout_basic, mainiacjoe_overflow_cross_hatched, uniq_pikel
D:9:      layout_basic, lair_entry_dummy, hex_intersection, grunt_potential
D:10:     layout_small_grid
D:11:     layout_loops_ring, orc_0_dummy
D:12:     minmay_s_stair_smasher, layout_rooms, ebering_dispersal_statue_hall,
          uniq_erolcha
D:13:     layout_basic, david_vaults_5
D:14:     layout_irregular_city, hangedman_decor_lopped, serial_shops,
          nicolae_shop_back_alley_shop, nicolae_trove_entry_diagonal,
          nicolae_gozag_cash_rules_everything_around_me
D:15:     grunt_enter_depths_snipers, layout_basic, minmay_misc_feat_cross,
          nicolae_letterblocks [nicolae_letter_subblock,
          nicolae_letter_subblock, nicolae_letter_subblock,
          nicolae_letter_subblock, nicolae_letter_subblock,
          nicolae_letter_subblock, nicolae_letter_subblock,
          nicolae_letter_subblock, nicolae_letter_subblock,
          nicolae_letter_subblock, nicolae_letter_subblock,
          nicolae_letter_subblock, nicolae_letter_subblock,
          nicolae_letter_subblock, nicolae_letter_subblock,
          nicolae_letter_subblock, nicolae_letter_subblock,
          nicolae_letter_subblock, nicolae_letter_subblock,
          nicolae_letter_subblock, nicolae_letter_subblock,
          nicolae_letter_subblock, nicolae_letter_subblock,
          nicolae_letter_subblock, nicolae_letter_subblock]
Temple:   hellmonk_temple_divided_pantheon
Lair:1:   layout_gridlike
Lair:2:   layout_loops_ring, skrybe_swamp_entry_bodies,
          nicolae_volcano_entry_two_sided, lemuel_fruit_fields, uniq_maggie
Lair:3:   layout_loops_ring, guppyfry_snake_entry_island
Lair:4:   layout_regular_city, slime_entry_2, bobbens_ice_dragon_lair
Lair:5:   cheibrodos_lair_end_hotspot, layout_hall_layers,
          gauntlet_entry_generic, infiniplex_staircase_pool, lemuel_fruit_tree
Swamp:1:  layout_basic_swamp, nicolae_swamp_some_circles, lemuel_altar_in_water
Swamp:2:  layout_falls_marsh, serial_swamp_ruin, hangedman_swamp_ruin_wall,
          evilmike_swamp_ruin_rubble_2
Swamp:3:  layout_falls_marsh, evilmike_swamp_ruin_house_1, swamp_pool_3
Swamp:4:  byrel_swamp_growth_death_and_undeath, layout_basic_swamp
Snake:1:  layout_onion, evilmike_ambush [evilmike_ambush_outer_corners,
          evilmike_ambush_inner_basic], serial_bayou_shore_b,
          serial_bayou_shore_a
Snake:2:  layout_misc_corridors
Snake:3:  layout_grid_maze, uniq_vashnia, uniq_jorgrun
Snake:4:  snake_hunt, layout_rooms, grunt_ministairs_5, uniq_aizul
Slime:1:  layout_caves, basic_altar
Slime:2:  layout_caves
Slime:3:  layout_caves
Slime:4:  layout_caves
Slime:5:  slime_pit_nicolae_trefoil
Orc:1:    layout_diamond_mine, serial_shops, shop
Orc:2:    grunt_orc_gardens, layout_caves, grunt_orc_garden, grunt_orc_garden,
          grunt_orc_garden, grunt_orc_garden, gammafunk_ghost_arena,
          serial_shops, shop
Elf:1:    elf_arrival_001, layout_rooms, serial_shops,
          nicolae_shop_back_alley_shop, minmay_elf_crystal_hexagon,
          small_statue_intersection, minmay_shop_grove
Elf:2:    nicolae_elf_blades_splatter_lattice [nicolae_blade_bullseye],
          layout_geoelf_diagonals, lemuel_elevator, hangedman_decor_cross_pass
Elf:3:    nooodl_elf_gasket, layout_geoelf_castle, serial_shops, shop,
          nicolae_shop_real_fake_doors, nicolae_shop_behind_doors, minivault_15,
          unseen_surprise_small
Vaults:1: nicolae_vaults_house_1, vaults_dpeg_cross, v_misc_13,
          vaults_room_fours, nicolae_vaults_border_crossing,
          vaults_room_corners, vaults_standard_mumra_x,
          ontoclasm_vaults_decontamination, layout_vaults_omnigrid
Vaults:2: nicolae_vaults_diagonal_hallway_8, hangedman_vaults_cutoff,
          nicolae_vaults_bisected_inception, nicolae_vaults_weapon_check,
          v_misc_2, vaults_room_door_ring, blue_anna_dwarven_crypt,
          ontoclasm_vaults_shuriken, v_misc_5,
          nicolae_vaults_offset_grid_hallway_2, st_cross,
          nicolae_vaults_trapezoid_lopsided_3, ontoclasm_vaults_twist,
          nicolae_vaults_octothorpe, layout_vaults_omnicross, serial_shops,
          shop, nicolae_shop_bloodbath_and_beyond
Vaults:3: nicolae_vaults_doubleplus_tesselated, nicolae_vaults_know_your_exits,
          nicolae_vaults_network_quincunx
          [nicolae_vaults_network_quincunx_subvault,
          nicolae_vaults_network_quincunx_subvault,
          nicolae_vaults_network_quincunx_subvault,
          nicolae_vaults_network_quincunx_subvault,
          nicolae_vaults_network_quincunx_subvault], nicolae_vaults_house_2,
          nicolae_vaults_prndl, vaults_room_hallway, v_misc_18,
          ontoclasm_vaults_claustrophobia, nicolae_vaults_turnstiles,
          nicolae_vaults_little_squares_3,
          nicolae_vaults_windows_and_doors_thing,
          nicolae_vaults_network_periphery, layout_vaults_omnibox, serial_shops,
          shop
Vaults:4: hellmonk_ghost_big_iron, ontoclasm_vaults_eye,
          hangedman_vaults_capsules, hangedman_vaults_nails,
          grunt_vaults_bifocal, v_misc_25, lightli_orcish_oven,
          nicolae_vaults_diamond_1, nicolae_vaults_little_ls,
          layout_vaults_big_room, serial_shops, statue_bzr, uniq_mennas,
          uniq_boris, uniq_xtahua
Vaults:5: uniq_bai_suzhen
Crypt:1:  layout_chaotic_city, gammafunk_ghost_cemetery, grunt_megastairs_3,
          lemuel_upstairs_altar, grunt_crypt_arrival_webbed
Crypt:2:  layout_catacombs, minivault_27
Crypt:3:  cryptofortress_bobbens, uniq_khufu, uniq_frederick
Depths:1: layout_forbidden_donut, hangedman_geh_valley, abyss_entry_glasseish,
          pan_entry, okawaru_trees_2, chequers_serial_rivers_micro_a,
          minmay_misc_feat_rugged, nicolae_shop_i_like_small_books_too,
          st_stairs_6, minmay_metal_thing, uniq_asterion
Depths:2: evilmike_negative_zone, layout_basic, hellmouth_2,
          rand_demon_pan_entry_1, nemelex_lonely_heart_becter,
          minmay_staircase_bubble, uniq_enchantress
Depths:3: bobbens_index_wilting_gardens, layout_gridlike, enter_ziggurat_d,
          hell_entry, abyss_entry, grunt_qazlal_clouds, serial_bayou_ford_a
Depths:4: grunt_zot_entry_alcove, layout_long_grid, hell_entry, abyss_entry,
          uniq_jory, uniq_parghit, uniq_josephina
Zot:1:    layout_onion_interference, regret_index_zotdec_banners
Zot:2:    kennysheep_bubbly, layout_gridlike, hangedman_elemental_grid_stream
Zot:3:    dreamdust_zin_vs_xom, layout_gridville, regret_index_zotdec_magical_s,
          grunt_megastairs_4
Zot:4:    layout_gridville, regret_index_zotdec_icy_dp
Zot:5:    layout_gridlike, st_stairs_13

Table legend: (Time is in decaauts)
 A = Elapsed time spent in this place.
 B = Non-inter-level travel time spent in this place.
 C = Inter-level travel time spent in this place.
 D = Time resting spent in this place.
 E = Time spent auto-exploring this place.
 F = Levels seen in this place.
 G = Mean time per level.
                   A        B        C        D        E       F      G
               +--------+--------+--------+--------+--------+-----+--------+
         Total |  69547 |  62152 |   7395 |  11833 |  37009 |  57 | 1220.1 |
       Dungeon |  14621 |  12140 |   2481 |    561 |   9330 |  15 |  974.7 |
        Temple |     38 |     30 |      8 |      0 |      0 |   1 |   38.0 |
          Lair |   7826 |   7105 |    721 |   1908 |   3992 |   5 | 1565.2 |
         Swamp |   4706 |   4505 |    201 |   1155 |   2285 |   4 | 1176.5 |
     Snake Pit |   4336 |   4079 |    257 |    308 |   2923 |   4 | 1084.0 |
    Slime Pits |   1359 |   1257 |    102 |    201 |    402 |   5 |  271.8 |
  Orcish Mines |   2439 |   1942 |    497 |    544 |   1132 |   2 | 1219.5 |
   Elven Halls |   3645 |   3415 |    230 |    508 |   2104 |   3 | 1215.0 |
        Vaults |  10015 |   8537 |   1478 |   1726 |   4898 |   5 | 2003.0 |
         Crypt |   3789 |   3472 |    317 |    367 |   2418 |   3 | 1263.0 |
        Depths |   7783 |   6994 |    789 |   1841 |   3594 |   4 | 1945.8 |
           Zot |   8372 |   8062 |    310 |   2597 |   3791 |   5 | 1674.4 |
       Volcano |    615 |    615 |      0 |    112 |    139 |   1 |  615.0 |
               +--------+--------+--------+--------+--------+-----+--------+

Top non-repeatable levels by time:
   Zot:5: 3485 daAuts
Vaults:2: 2664 daAuts
  Lair:3: 2662 daAuts
Depths:2: 2591 daAuts
   Zot:2: 2181 daAuts
Depths:4: 2057 daAuts
Vaults:1: 2012 daAuts
Vaults:3: 2005 daAuts
  Lair:5: 1967 daAuts
 Swamp:4: 1872 daAuts
   Elf:3: 1720 daAuts
Vaults:5: 1695 daAuts
 Crypt:2: 1687 daAuts
Vaults:4: 1636 daAuts
Depths:3: 1600 daAuts

Table legend:
 A = Kills in this place as a percentage of kills in the entire game.
 B = Kills by you in this place as a percentage of kills by you in the entire game.
 C = Kills by friends in this place as a percentage of kills by friends in the entire game.
 D = Other kills in this place as a percentage of other kills in the entire game.
 E = Experience gained in this place as a percentage of experience gained in the entire game.
 F = Experience gained in this place divided by the number of levels of this place that you have seen.
                   A       B       C       D       E      F
               +-------+-------+-------+-------+-------+----------------------
         Total | 100.0 | 100.0 |   N/A | 100.0 | 100.0 | 25785.5
       Dungeon |  16.5 |  16.5 |   N/A |   0.0 |   5.2 | 5060.3
          Lair |   9.3 |   9.3 |   N/A |   0.0 |   3.9 | 11532.6
         Swamp |   4.9 |   4.9 |   N/A |   0.0 |   4.1 | 15048.8
     Snake Pit |   8.1 |   8.1 |   N/A |   0.0 |   7.2 | 26346.2
    Slime Pits |   5.4 |   5.4 |   N/A |   0.0 |   4.8 | 13965.6
  Orcish Mines |   2.1 |   2.1 |   N/A |   0.0 |   0.9 | 6387.5
   Elven Halls |   6.2 |   6.1 |   N/A |  66.7 |   6.8 | 33216.3
        Vaults |  16.8 |  16.8 |   N/A |  33.3 |  20.4 | 60016.6
         Crypt |   7.5 |   7.5 |   N/A |   0.0 |   8.5 | 41677.0
        Depths |  12.6 |  12.6 |   N/A |   0.0 |  16.9 | 62088.2
           Zot |   9.8 |   9.8 |   N/A |   0.0 |  20.9 | 61455.0
       Volcano |   1.0 |   1.0 |   N/A |   0.0 |   0.5 | 7629.0
               +-------+-------+-------+-------+-------+----------------------
